 Dungeon Crawl Stone Soup version 0.28-a0-21-gf74fda84f9 (webtiles) character file.

Game seed: 18241717004133510242

21 ezpacito the Skirmisher (level 2, -2/24 HPs)
             Began as a Demonspawn Abyssal Knight on July 26, 2021.
             Was a Follower of Lugonu.
             Slain by a goblin (6 damage)
             ... led by Robin
             ... on level 1 of the Dungeon.
             The game lasted 00:01:23 (1508 turns).

ezpacito the Skirmisher (Demonspawn Abyssal Knight) Turns: 1508, Time: 00:01:24

Health: -2/24      AC:  5    Str: 12    XL:     2   Next: 62%
Magic:  4/4        EV: 10    Int: 13    God:    Lugonu [*.....]
Gold:   8          SH:  0    Dex: 12    Spells: 2/2 levels left

rFire   + . .      SeeInvis +   a - +1 hand axe
rCold   + . .      Faith    .   (no shield)
rNeg    . . .      Spirit   .   m - +0 ring mail
rPois   +          Reflect  .   (no helmet)
rElec   +          Harm     .   (no cloak)
rCorr   +          Rampage  .   (no gloves)
Will    .....                   (no boots)
Stlth   +.........              (no amulet)
HPRegen 0.08/turn               g - ring of flight
MPRegen 0.09/turn               h - ring of see invisible

@: resistant, flying
A: hooves 1
a: Renounce Religion, Depart the Abyss


You were on level 1 of the Dungeon.
You worshipped Lugonu.
Lugonu was aware of your devotion.
You visited 1 branch of the dungeon, and saw 2 of its levels.
You visited the Abyss 1 time.

You collected 8 gold pieces.

Inventory:

Hand Weapons
 a - a +1 hand axe (weapon)
Missiles
 i - 37 stones
Armour
 m - a +0 ring mail (worn)
Jewellery
 g - a ring of flight (left hand)
 h - a ring of see invisible (right hand)
Scrolls
 c - a scroll of identify {unknown}
 l - 2 scrolls of amnesia {unknown}
Potions
 d - a potion of heal wounds {unknown}
 e - a potion of resistance
 f - a potion of flight {unknown}
 j - a potion of berserk rage {unknown}
 k - a potion of curing {unknown}


   Skills:
 + Level 3.1 Fighting
 * Level 2.2 Axes
 + Level 2.0 Armour
 + Level 1.1 Dodging
 + Level 0.5 Spellcasting
 + Level 2.6 Invocations


You had 2 spell levels left.
You didn't know any spells.
Your spell library was empty.

Dungeon Overview and Level Annotations

Branches:
Dungeon (2/15)

Altars:

Annotations:
D:2 Robin


Innate Abilities, Weirdness & Mutations

You have large cloven feet.


Message History

You closely miss the goblin. You kick the goblin.
The goblin is moderately wounded.
The goblin misses you.
You barely miss the goblin.
The goblin is moderately wounded.
The goblin hits you but does no damage. x2
You hit the goblin.
You kill the goblin!
Lugonu accepts your kill.
No target in view!
No target in view!
No target in view!
No target in view!
No target in view!
No target in view!
No target in view!
No target in view!
Things that are here:
a +0 dagger; a goblin corpse
There is a stone staircase leading down here.
You fly downwards.
Level annotation: Robin Robin throws the goblin at you!
The goblin barely misses you.
The goblin shoots a stone.
The stone barely misses you.
The goblin unwields a +0 hunting sling.
The goblin wields a +0 club.
The goblin barely misses you.
There is a stone staircase leading up here.
The hobgoblin hits you.
Robin says, "Duck!"
The goblin hits you with a +0 club. x2; The goblin hits you but does no damage.
The goblin misses you. The goblin hits you but does no damage.
You fly upwards.
There is a stone staircase leading down here.
It was a potion of resistance.
You feel protected. The hobgoblin closely misses you.
The goblin hits you with a +0 club. The goblin hits you with a +0 dagger.
* * * LOW HITPOINT WARNING * * *
The goblin hits you with a +0 club.
You die...

##.#.# #.........#
###'## #.##...#.##
##...## #.##...#.#
##.....## #รท##.###.#
##.......## #.#[.###.#
##.........###........#
...........'.......####
...........####ggg##
##........## #.g@g#
#.#.....## ##g###
#.##...## #.# #.###'##
#.# #.# #.# #.# #.# #.#
#.# ##.###.## #.#
...##...#######.#
####............#


You could see a hobgoblin (strong) and 5 goblins.

Vanquished Creatures
  4 ball pythons (D:1)
  3 bats (D:1)
  4 endoplasms (D:1)
  A giant cockroach (D:1)
  2 goblins (D:1)
  A hobgoblin (D:1)
  A kobold (D:1)
  A quokka (D:1)
  A frilled lizard (D:1)
18 creatures vanquished.

Notes
Turn   | Place    | Note
-------+----------+-------------------------------------------
     0 | Abyss:1  | ezpacito the Demonspawn Abyssal Knight began the quest for
                  | the Orb.
     0 | Abyss:1  | Reached XP level 1. HP: 18/18 MP: 2/2
    77 | Abyss:1  | Found a viscous altar of Jiyva.
   117 | Abyss:1  | Noticed a starcursed mass
   118 | D:1      | Escaped the Abyss
   451 | D:1      | Reached * piety under Lugonu
   555 | D:1      | Reached skill level 1 in Dodging
   614 | D:1      | Gained mutation: You have large cloven feet. [demonic
                  | ancestry]
   614 | D:1      | Reached XP level 2. HP: 13/24 MP: 3/3
  1490 | D:2      | Noticed Robin
  1508 | D:1      | Slain by a goblin

Illustrated notes

Levels and vault maps discovered:
D:1:      lemuel_arrival_room, layout_loops_corners
D:2:      layout_rooms, basic_altar, dreamdust_ecumenical_altar_statues,
          minmay_statues_item, kennysheep_crisscross, serial_bayou_lagoon_a,
          minmay_pentomino_u4, uniq_robin

Skill      XL: |  1  2 |
---------------+-------+-----
Dodging        | 1 |  1.1
Axes           | 2 |  2.2
Armour         | 2 |  2.0
Fighting       | |  3.1
Spellcasting   | |  0.5
Invocations    | |  2.6

Action                   || total
-------------------------++-------
Melee: Hand axe          ||    43
       Kick              ||     2
Invok: Depart the Abyss  ||     1
  Use: Potion            ||     1
Armor: Leather armour    ||    17
       Ring mail         ||     4
Dodge: Dodged            ||    40

Table legend: (Time is in decaauts)
 A = Elapsed time spent in this place.
 B = Non-inter-level travel time spent in this place.
 C = Inter-level travel time spent in this place.
 D = Time resting spent in this place.
 E = Time spent auto-exploring this place.
 F = Levels seen in this place.
 G = Mean time per level.
                   A        B        C        D        E       F      G
               +--------+--------+--------+--------+--------+-----+--------+
         Total |   1516 |   1446 |     70 |    153 |   1148 |   3 |  505.3 |
       Dungeon |   1398 |   1328 |     70 |    153 |   1037 |   2 |  699.0 |
         Abyss |    118 |    118 |      0 |      0 |    111 |   1 |  118.0 |
               +--------+--------+--------+--------+--------+-----+--------+

Top non-repeatable levels by time:
     D:1: 1383 daAuts
 Abyss:1: 118 daAuts
     D:2: 15 daAuts
